 Dungeon Crawl Stone Soup version 0.21.1-1-g345015f (webtiles) character file.

44 inc the Conjurer (level 3, -3/21 HPs)
             Began as an Octopode Conjurer on June 11, 2018.
             Slain by a quokka zombie (4 damage)
             ... on level 2 of the Dungeon.
             The game lasted 00:01:19 (1420 turns).

inc the Conjurer (Octopode Conjurer)                Turns: 1420, Time: 00:01:19

Health: -3/21      AC:  1    Str:  7    XL:     3   Next: 60%
Magic:  0/7        EV: 13    Int: 18    God:
Gold:   27         SH:  0    Dex: 12    Spells: 1/7 levels left

rFire    . . .     SeeInvis .   c - +0 whip
rCold    . . .     Gourm    .   (no shield)
rNeg     . . .     Faith    .   (helmet restricted)
rPois    .         Spirit   .   (no amulet)
rElec    .         Reflect  .   (no ring)
rCorr    .         Harm     .   (no ring)
MR       .....                  (no ring)
Stlth    +++.......             (no ring)
HPRegen  0.07/turn              (no ring)
MPRegen  0.10/turn              (no ring)
                                (no ring)
                                (no ring)

@: no status effects
A: almost no armour, stealthy swim, amphibious, 8 rings, constrict 8, camouflage
1, gelatinous body 1
a: no special abilities


You were on level 2 of the Dungeon.
You were near starving.

You visited 1 branch of the dungeon, and saw 2 of its levels.

You collected 27 gold pieces.

Inventory:

Hand Weapons
 c - a +0 whip (weapon)
Scrolls
 d - 2 scrolls of remove curse {unknown}
 f - a scroll of magic mapping {unknown}
 g - a scroll of noise {unknown}
Potions
 e - a potion of magic {unknown}
 h - a potion of mutation {unknown}
Books
 a - a book of Conjurations

   Spells                             Type                      Level
   a - Magic Dart                     Conjuration                  1
   b - Searing Ray                    Conjuration                  2
   c - Dazzling Spray                 Conjuration/Hexes            3
   d - Fulminant Prism                Conjuration/Hexes            4
   e - Force Lance                    Conjuration/Translocation    4
   f - Iskenderun's Mystic Blast      Conjuration                  4
Comestibles
 b - 2 rations


   Skills:
 - Level 2.0 Dodging
 - Level 2.6 Stealth
 + Level 2.9 Spellcasting
 + Level 4.6 Conjurations


You had one spell level left.
You knew the following spells:

 Your Spells              Type           Power        Failure   Level  Hunger
a - Magic Dart            Conj           ###.         2%          1    None
b - Searing Ray           Conj           ###...       3%          2    ##.....
c - Dazzling Spray        Conj/Hex       ##....       19%         3    ###....


Dungeon Overview and Level Annotations

Branches:
Dungeon (2/15)

Altars:


Innate Abilities, Weirdness & Mutations

You cannot wear most types of armour.
You are very stealthy in the water. (Stealth+)
You are amphibious.
You can wear up to eight rings at the same time.
You can use your tentacles to constrict eight enemies at once.
Your skin changes colour to match your surroundings (Stealth+).
Your rubbery body absorbs attacks. (AC +1, EV +1)


Message History

The jackal bites you.
* * * LOW HITPOINT WARNING * * *
You hit the jackal.
You kill the jackal!
You barely miss the quokka zombie. Your grab misses the quokka zombie.
The quokka zombie misses you.
You closely miss the quokka zombie. You grab the quokka zombie.
You constrict the quokka zombie, but do no damage.
The quokka zombie closely misses you.
A jackal comes into view.
Casting: Magic Dart
Confirm with . or Enter, or press ? or * to list all spells.
Aiming: Magic Dart
Press: ? - help, Shift-Dir - straight line, f - quokka zombie
Aim: a quokka zombie (constricted by you)
The magic dart hits the quokka zombie.
The quokka zombie is severely damaged.
The jackal barks!
You constrict the quokka zombie. The quokka zombie bites you.
You die...

# #......
.#
.#.....#..
.#. ...#.
h) ..! #†
#†#
#.###.##.##
#.....†Z..#
##Z##.##..#
##@##.#
....
#...#.##
##.
#<.....#
#.........
##.#...##.
#.##.## #..
...
#.######
#.#


You could see a quokka zombie and a jackal.

Vanquished Creatures
  An ooze (D:1)
  A worm (D:2)
  A ball python (D:1)
  5 goblins
  6 hobgoblins (D:1)
  5 jackals
  8 kobolds
  2 bats (D:1)
  A rat (D:1)
30 creatures vanquished.

Notes
Turn   | Place    | Note
-------+----------+-------------------------------------------
     0 | D:1      | inc the Octopode Conjurer began the quest for the Orb.
     0 | D:1      | Reached XP level 1. HP: 11/11 MP: 3/3
   118 | D:1      | Reached XP level 2. HP: 2/17 MP: 0/5
   825 | D:1      | Reached XP level 3. HP: 21/21 MP: 2/6
   845 | D:1      | Learned a level 2 spell: Searing Ray
   849 | D:1      | Learned a level 3 spell: Dazzling Spray
  1416 | D:2      | HP: 1/21 [jackal (1)]
  1420 | D:2      | Slain by a quokka zombie

Action                   || total
-------------------------++-------
Melee: Whip              ||    32
       Unarmed           ||     4
       Constrict         ||    10
       Tentacles         ||     6
 Cast: Magic Dart        ||    51
 Stab: Sleeping          ||     3
Armor: Skin              ||     4
Dodge: Dodged            ||    24
